 Dungeon Crawl Stone Soup version 0.26-a0-597-gb535b0901c (webtiles) character file.

Game seed: 12342092840832223959

266 Fingolfin the Skirmisher (level 6, -25/63 HPs)
             Began as a Troll Monk on Sept 5, 2020.
             Was a Believer of Okawaru.
             Annihilated by an ogre
             ... wielding a +0 giant club
              (28 damage)
             ... on level 5 of the Dungeon on Sept 6, 2020.
             The game lasted 00:07:16 (2938 turns).

Fingolfin the Skirmisher (Troll Monk)               Turns: 2938, Time: 00:07:17

Health: -25/63     AC:  6    Str: 20    XL:     6   Next: 0%
Magic:  6/6        EV: 10    Int:  8    God:    Okawaru [**....]
Gold:   193        SH:  0    Dex: 12    Spells: 5/5 levels left

rFire    . . .     SeeInvis .   l - +2 war axe (vamp)
rCold    . . .     Faith    .   (no shield)
rNeg     . . .     Spirit   .   a - +0 robe
rPois    .         Reflect  .   (helmet restricted)
rElec    .         Harm     .   (no cloak)
rCorr    .                      (gloves unavailable)
MR       .....                  (boots unavailable)
Stlth    ++........             (no amulet)
HPRegen  0.60/turn              (no ring)
MPRegen  0.10/turn              (no ring)

@: lethally poisoned (-25 -> -25)
A: large, unfitting armour, claws 3, regeneration 1, shaggy fur 1, tough skin 3
a: Heroism, Renounce Religion


You were on level 5 of the Dungeon.
You worshipped Okawaru.
Okawaru was pleased with you.
You visited 2 branches of the dungeon, and saw 6 of its levels.

You collected 193 gold pieces.

Inventory:

Hand Weapons
 l - a +2 vampiric war axe (weapon)
Missiles
 b - 191 stones (quivered)
 j - a throwing net
 k - 40 poisoned darts
 s - 8 boomerangs
Armour
 a - a +0 robe (worn)
Jewellery
 h - an uncursed ring of wizardry {unknown}
 o - a cursed ring of attention {unknown}
Scrolls
 d - 5 scrolls of identify {unknown}
 e - a scroll of random uselessness {unknown}
 f - a scroll of amnesia {unknown}
 m - 2 scrolls of remove curse {unknown}
 r - a scroll of enchant armour {unknown}
Potions
 c - 2 potions of haste {unknown}
 g - 2 potions of brilliance {unknown}
 i - a potion of berserk rage {unknown}
 n - a potion of flight {unknown}
 p - a potion of stabbing {unknown}
 q - a potion of curing {unknown}


   Skills:
 * Level 4.7 Fighting
 + Level 1.5 Axes
 - Level 2.4 Dodging
 - Level 1.0 Stealth
 - Level 3.0 Unarmed Combat
 + Level 2.2 Invocations


You had 5 spell levels left.
You didn't know any spells.
Your spell library contained the following spells:

 Spells                   Type           Power        Failure   Level
 Beastly Appendage        Tmut           #.....       41%         1
 Wereblood                Tmut           #.......     54%         2
 Spider Form              Tmut/Pois      #.........   78%         3
 Ice Form                 Ice/Tmut       #.......     99%         4
 Blade Hands              Tmut           #.........   100%        5


Dungeon Overview and Level Annotations

Branches:
Dungeon (5/15)             Temple (1/1) D:4

Altars:
Ashenzari
Cheibriados
Dithmenos
Gozag
Hepliaklqana
Makhleb
Nemelex Xobeh
Okawaru
Qazlal
Ru
Trog
Uskayaw
Wu Jian
Yredelemnul
Zin
The Shining One


Innate Abilities, Weirdness & Mutations

You are too large for most types of armour.
You have claws for hands.
Your natural rate of healing is unusually fast.
You are covered in fur. (AC +1)
You have extremely tough skin. (AC +3)


Message History

You hit the ogre.
You feel better.
Your claw misses the ogre.
The ogre is heavily wounded.
The ogre closely misses you.
You slash the ogre!
The ogre is almost dead.
The ogre barely misses you.
You barely miss the ogre.
The ogre is almost dead.
You feel sick. The ogre hits you with a +0 giant club!
You barely miss the ogre.
The ogre is almost dead.
The ogre hits you with a +0 giant club!
* * * LOW HITPOINT WARNING * * *
The ogre hits you with a +0 giant club!
* * * LOW HITPOINT WARNING * * *
You hit the ogre.
The ogre is almost dead.
You feel sick.
The ogre hits you with a +0 giant club!!
You die...

#...#....# #...#..†.#
#...#....# #...#....#
#...'....#
#.###...##########
####.###............#
#...................#
+...........#@......#
##.####...###O......#
###.###########(#.....
#....#......# .#.....
#....#......# .# ....
#...##.....## .# ...
#...##.....# .# ...
#.####.....# ##
#....#.....#


You could see an ogre.

Vanquished Creatures
  A scorpion (D:4)
  A hound (D:4)
  An orc priest (D:4)
  A worker ant (D:5)
  An orc wizard (D:4)
  2 adders
  An ooze (D:2)
  3 worms (D:2)
  A dart slug (D:1)
  3 leopard geckos
  9 orcs
  8 bats
  7 giant cockroaches
  A goblin (D:2)
  5 hobgoblins
  3 jackals (D:1)
  5 kobolds
  A quokka (D:2)
  A frilled lizard (D:1)
  8 rats
63 creatures vanquished.

Vanquished Creatures (others)
  4 plants (D:4)
4 creatures vanquished.

Grand Total: 67 creatures vanquished

Notes
Turn   | Place    | Note
-------+----------+-------------------------------------------
     0 | D:1      | Fingolfin the Troll Monk began the quest for the Orb.
     0 | D:1      | Reached XP level 1. HP: 22/22 MP: 0/0
    66 | D:1      | Reached XP level 2. HP: 15/29 MP: 1/1
    70 | D:1      | Reached skill level 3 in Fighting
   253 | D:1      | Reached XP level 3. HP: 37/37 MP: 2/2
   407 | D:2      | Found an iron altar of Okawaru.
   416 | D:2      | Became a worshipper of Warmaster Okawaru
   416 | D:2      | Reached * piety under Okawaru
   416 | D:2      | Reached ** piety under Okawaru
   646 | D:2      | Found a burning altar of Makhleb.
   651 | D:2      | Found a glowing silver altar of Zin.
   651 | D:2      | Noticed an angel
   652 | D:2      | Noticed a green death
  1050 | D:2      | Found a glowing golden altar of the Shining One.
  1056 | D:2      | Reached skill level 1 in Invocations
  1232 | D:3      | Reached XP level 4. HP: 47/48 MP: 3/3
  1724 | D:4      | Reached skill level 4 in Fighting
  1732 | D:4      | Reached XP level 5. HP: 53/54 MP: 2/5
  1762 | D:4      | Reached skill level 1 in Axes
  2197 | D:4      | Found a staircase to the Ecumenical Temple.
  2205 | Temple   | Entered the Ecumenical Temple
  2785 | D:5      | Entered Level 5 of the Dungeon
  2920 | D:5      | Reached XP level 6. HP: 43/63 MP: 6/6
  2937 | D:5      | HP: 3/63 [ogre/+0 giant club (10)]
  2938 | D:5      | Annihilated by an ogre

Illustrated notes

Levels and vault maps discovered:
D:1:      wander_arrival_chamber, layout_basic
D:2:      layout_basic, grunt_temple_overflow_order_and_chaos_2,
          lemuel_crystal_altar, nicolae_tso_swordbearing_angel
D:3:      layout_loops_ring
D:4:      layout_loops_ring, minmay_temple_entry_gardened_gates
D:5:      layout_gridville, serial_shops, shop, uniq_duvessa
Temple:   minmay_temple_forest_path

Skill      XL: |  1  2  3  4  5 |
---------------+----------------+-----
Fighting       | 3 4 |  4.7
Invocations    | 1 2 |  2.2
Axes           | 1 |  1.5
Dodging        | |  2.4
Stealth        | |  1.0
Unarmed Combat | |  3.0

Action                   |  1- 3 |  4- 6 || total
-------------------------+-------+-------++-------
Melee: Unarmed           |   105 |       ||   105
       Punch             |     1 |       ||     1
       War axe           |       |    72 ||    72
Throw: Stone             |       |     1 ||     1
Invok: Heroism           |       |     1 ||     1
 Stab: Sleeping          |     7 |     2 ||     9
Armor: Robe              |    38 |    30 ||    68
Dodge: Dodged            |    48 |    49 ||    97

Table legend: (Time is in decaauts)
 A = Elapsed time spent in this place.
 B = Non-inter-level travel time spent in this place.
 C = Inter-level travel time spent in this place.
 D = Time resting spent in this place.
 E = Time spent auto-exploring this place.
 F = Levels seen in this place.
 G = Mean time per level.
                   A        B        C        D        E       F      G
               +--------+--------+--------+--------+--------+-----+--------+
         Total |   2961 |   2814 |    147 |     22 |   2340 |   6 |  493.5 |
       Dungeon |   2592 |   2468 |    124 |     22 |   1996 |   5 |  518.4 |
        Temple |    368 |    345 |     23 |      0 |    344 |   1 |  368.0 |
               +--------+--------+--------+--------+--------+-----+--------+

Top non-repeatable levels by time:
     D:2: 750 daAuts
     D:4: 716 daAuts
     D:3: 559 daAuts
     D:1: 403 daAuts
  Temple: 368 daAuts
     D:5: 163 daAuts
